AoeStats
← Commander-Maximus

Arabia

510507913Analyzed
1v1 RM · 1d ago on Oct 1, 2026· 29m 42s· 2 players
Game mode
Random Map
Map size
Tiny (2 player)
Population
200
Speed
Normal
Resources
Standard
Victory
Conquest
Starting age
Dark Age
Ending age
Imperial Age
RankedLock teamsTeams togetherTeam positionsShared explorationLock speedFull tech treeHidden civsTurbo modeCheats
Victory
Defeat
🇨🇳 Magyars · China
1138
+14
🇨🇦 Britons · Canada
1105
-14
956068430
5:45 Loom
9:09 Feudal Age
11:47 Double-Bit Axe
17:27 Horse Collar
17:48 Gold Mining
20:38 Castle Age
19:17 Bloodlines
20:18 Fletching
20:28 Padded Archer Armor
22:22 Wheelbarrow
24:46 Husbandry
27:25 Hand Cart
28:12 Bow Saw
29:03 Bodkin Arrow
Commander-Maximus
6:16 Loom
8:52 Feudal Age
9:21 Double-Bit Axe
19:41 Scale Barding Armor
22:11 Horse Collar
22:58 Forging
29:02 Castle Age
27:38 Fletching
29:08 Crossbowman
Connection lost

Rejoining the realm…

Still unreachable

The connection could not be restored.

Session expired

The server has moved on; the page needs a fresh start.